 Dungeon Crawl Stone Soup version 0.24-a0-489-g1c7b743a30 (webtiles) character file.

Game seed: 1145079451525846919

617 KristoblXynda the Ruffian (level 7, 0/59 HPs)
             Began as a Troll Wizard on July 11, 2019.
             Slain by a big kobold zombie (4 damage)
             ... in an ossuary.
             The game lasted 00:06:09 (2857 turns).

KristoblXynda the Ruffian (Troll Wizard)            Turns: 2857, Time: 00:06:09

Health: 0/59       AC:  4    Str: 16    XL:     7   Next: 21%
Magic:  9/9        EV:  9    Int: 16    God:
Gold:   118        SH:  0    Dex:  8    Spells: 9/10 levels left

rFire    . . .     SeeInvis .     - Unarmed
rCold    . . .     Gourm    +   (no shield)
rNeg     . . .     Faith    .   a - +0 robe
rPois    +         Spirit   .   b - +0 hat
rElec    .         Reflect  .   p - +0 cloak
rCorr    .         Harm     .   (gloves unavailable)
MR       .....                  (boots unavailable)
Stlth    +.........             (no amulet)
HPRegen  0.59/turn              n - ring of poison resistance
MPRegen  0.11/turn              r - -3 ring of protection (curse)

@: berserk cooldown, very slightly contaminated, slowed, very slow
A: large, unfitting armour, claws 3, fast metabolism 3, gourmand, regeneration
1, shaggy fur 1, tough skin 3
a: no special abilities


You were in an ossuary.
You were very full.

You visited 1 branch of the dungeon, and saw 4 of its levels.
You also visited: Sewer and Ossuary.

You collected 118 gold pieces.

Inventory:

Armour
 a - a +0 robe (worn)
 b - a +0 hat (worn)
 p - a +0 cloak (worn)
Jewellery
 n - a ring of poison resistance (left claw)
 r - a cursed -3 ring of protection (right claw)
Scrolls
 c - a scroll of amnesia {unknown}
 e - a scroll of identify {unknown}
 f - a scroll of noise {unknown}
 g - a scroll of enchant armour {unknown}
 j - 5 scrolls of remove curse
 u - 2 scrolls of magic mapping
 v - a scroll of blinking
 w - 2 scrolls of fear
 x - a scroll of fog {unknown}
Potions
 i - a potion of invisibility
 k - 2 potions of flight {unknown}
 m - a potion of magic
 o - 2 potions of might {unknown}
 s - 2 potions of heal wounds {unknown}
 t - 2 potions of brilliance {unknown}
Comestibles
 d - 7 rations
 h - a chunk of flesh


   Skills:
 - Level 1.5 Dodging
 - Level 1.0 Stealth
 + Level 5.3 Unarmed Combat
 - Level 2.0 Spellcasting
 + Level 4.1 Conjurations
   Level 0.6 Summonings
   Level 0.6 Translocations


You had 9 spell levels left.
You knew the following spells:

 Your Spells              Type           Power        Failure   Level  Hunger
a - Magic Dart            Conj           ##..         3%          1    #......

Your spell library contained the following spells:

 Spells                   Type           Power        Failure   Level  Hunger
 Blink                    Tloc           N/A          24%         2    ###....
 Call Imp                 Summ           #.......     24%         2    ###....
 Conjure Flame            Conj/Fire      #.......     26%         3    ###....
 Slow                     Hex            #.......     30%         2    ###....
 Mephitic Cloud           Conj/Pois/Air  #.......     34%         3    ###....


Dungeon Overview and Level Annotations

Branches:
Dungeon (4/15)             Temple (0/1) D:4

Altars:


Innate Abilities, Weirdness & Mutations

You are too large for most types of armour.
You have claws for hands.
Your metabolism is lightning-fast.
You like to eat raw meat.
Your natural rate of healing is unusually fast.
You are covered in fur. (AC +1)
You have extremely tough skin. (AC +3)


Message History

You barely miss the orc zombie.
The big kobold zombie closely misses you.
The orc zombie hits you but does no damage. x2
You claw the orc zombie!
You destroy the orc zombie!
The big kobold zombie hits you.
* * * LOW HITPOINT WARNING * * *
The orc zombie barely misses you.
You claw the orc zombie!
You destroy the orc zombie!
The big kobold zombie completely misses you.
You barely miss the big kobold zombie. The big kobold zombie hits you.
* * * LOW HITPOINT WARNING * * *
You barely miss the big kobold zombie. The big kobold zombie hits you.
* * * LOW HITPOINT WARNING * * *
You closely miss the big kobold zombie. The big kobold zombie misses you.
You closely miss the big kobold zombie.
The big kobold zombie hits you but does no damage.
The big kobold zombie hits you.
You die...

##.........##
#...........
##.........##
#...........#
##.........##
#...........#
####...#####
#Z..# ##.@.##
##.....##
#...∩...#
#.......#
#...∩...#
##.....##
##...## #####


You could see a big kobold zombie.

Vanquished Creatures
  An elf zombie (Ossuary)
  2 bullfrogs (Sewer)
  A centaur zombie (Ossuary)
  2 orc priests
  A hound (D:4)
  An orc wizard (D:3)
  2 worker ants (D:4)
  A big kobold zombie (Ossuary)
  A mummy (Ossuary)
  5 adders
  3 river rats
  3 worms (D:2)
  2 dart slugs
  A leopard gecko (D:2)
  3 orcs
  3 giant cockroaches
  8 goblins
  9 hobgoblins
  7 jackals
  8 kobolds
  15 ball pythons
  7 bats
  5 frilled lizards
  A hobgoblin zombie (Ossuary)
  A jackal skeleton (D:4)
  2 orc zombies (Ossuary)
  33 rats
128 creatures vanquished.

Notes
Turn   | Place    | Note
-------+----------+-------------------------------------------
     0 | D:1      | KristoblXynda the Troll Wizard began the quest for the Orb.
     0 | D:1      | Reached XP level 1. HP: 16/16 MP: 2/2
   172 | D:1      | Reached skill level 1 in Conjurations
   174 | D:1      | Reached skill level 1 in Unarmed Combat
   179 | D:1      | Reached XP level 2. HP: 24/24 MP: 4/4
   617 | D:1      | Reached XP level 3. HP: 31/31 MP: 5/5
   985 | D:2      | Reached skill level 2 in Unarmed Combat
  1482 | D:3      | Reached XP level 4. HP: 22/39 MP: 6/6
  1798 | D:3      | Reached skill level 3 in Unarmed Combat
  1798 | D:3      | Reached XP level 5. HP: 19/45 MP: 7/7
  2274 | D:4      | Found a staircase to the Ecumenical Temple.
  2277 | D:4      | Found a glowing drain.
  2295 | Sewer    | Entered a sewer
  2617 | Sewer    | Reached skill level 4 in Unarmed Combat
  2617 | Sewer    | Reached XP level 6. HP: 22/53 MP: 8/8
  2751 | D:4      | Found a sand-covered staircase.
  2756 | Ossuary  | Entered an ossuary
  2824 | Ossuary  | Reached skill level 5 in Unarmed Combat
  2824 | Ossuary  | Reached XP level 7. HP: 30/59 MP: 9/9
  2837 | Ossuary  | HP: 4/88 [big kobold zombie (2)]
  2846 | Ossuary  | HP: 2/59 [big kobold zombie (5)]
  2857 | Ossuary  | Slain by a big kobold zombie

Levels and vault maps discovered:
D:1:      minmay_arrival_split_and_join, layout_basic
D:2:      layout_basic
D:3:      layout_loops_ring
D:4:      layout_cave_pools, minmay_temple_entry_proselytizer,
          portal_sewer_entry_b, enter_ossuary_2
Ossuary:  minmay_ossuary_gauntlet

Skill      XL: |  1  2  3  4  5  6  7 |
---------------+----------------------+-----
Conjurations   | 1 2 3 4 |  4.1
Unarmed Combat | 1 2 3 4 5 |  5.3
Dodging        | |  1.5
Stealth        | |  1.0
Spellcasting   | |  2.0
Summonings     | |  0.6
Translocations | |  0.6

Action                   |  1- 3 |  4- 6 |  7- 9 || total
-------------------------+-------+-------+-------++-------
Melee: Unarmed           |   147 |   219 |    25 ||   391
       Punch             |     1 |     3 |       ||     4
  Use: Scroll            |     4 |     4 |       ||     8
       Potion            |       |     2 |     5 ||     7
 Stab: Invisible         |       |     4 |       ||     4
  Eat: Chunk             |    18 |    14 |       ||    32
Armor: Robe              |    84 |   124 |    22 ||   230
Dodge: Dodged            |   100 |   187 |    28 ||   315

Table legend:
 A = Non-vault XP
 B = Vault XP
 C = Vault XP percentage of total XP
 D = Non-vault monster count
 E = Vault monster count
 F = Vault count percentage of total count
                 A         B        C        D         E       F
            +---------+---------+-------+---------+---------+-------
      Total |     338 |     544 |  61.7 |      69 |      59 |  46.1
            +---------+---------+-------+---------+---------+-------
        D:1 |      43 |       0 |   0.0 |      24 |       0 |   0.0
        D:2 |      49 |       0 |   0.0 |      21 |       0 |   0.0
        D:3 |     134 |       0 |   0.0 |      19 |       0 |   0.0
        D:4 |     112 |      58 |  34.1 |       5 |       4 |  44.4
      Sewer |       0 |     290 | 100.0 |       0 |      48 | 100.0
    Ossuary |       0 |     196 | 100.0 |       0 |       7 | 100.0
            +---------+---------+-------+---------+---------+-------
